 Dungeon Crawl Stone Soup version 0.22.1-5-g62c59d9 (webtiles) character file.

495 Fang the Chopper (level 7, 0/44 HPs)
             Began as a Gargoyle Berserker on Jan 14, 2019.
             Was a Believer of Trog.
             Slain by a killer bee (2 damage)
             ... on level 3 of the Dungeon.
             The game lasted 00:03:08 (3285 turns).

Fang the Chopper (Gargoyle Berserker)               Turns: 3285, Time: 00:03:08

Health: 0/44       AC: 14    Str: 22    XL:     7   Next: 15%
Magic:  7/7        EV:  9    Int:  8    God:    Trog [**....]
Gold:   170        SH:  0    Dex:  9    Spells: 6/6 levels left

rFire    . . .     SeeInvis .   a - +0 hand axe
rCold    . . .     Gourm    .   (no shield)
rNeg     + . .     Faith    .   s - +0 chain mail
rPois    ∞         Spirit   .   i - +0 helmet
rElec    +         Reflect  .   (no cloak)
rCorr    .         Harm     .   (no gloves)
MR       +....                  (no boots)
Stlth    ..........             (no amulet)
HPRegen  0.14/turn              d - ring of protection from magic
MPRegen  0.10/turn              (no ring)

@: berserk cooldown, slowed, very slow
A: negative energy resistance 1, electricity resistance, unbreathing,
petrification resistance, rot immunity, AC +4
a: Berserk, Trog's Hand, Renounce Religion


You were on level 3 of the Dungeon.
You worshipped Trog.
Trog was pleased with you.
You were near starving.

You visited 1 branch of the dungeon, and saw 3 of its levels.

You collected 170 gold pieces.

Inventory:

Hand Weapons
 a - a +0 hand axe (weapon)
Armour
 i - a +0 helmet (worn)
 s - a +0 chain mail (worn)
Jewellery
 d - a ring of protection from magic (left hand)
Wands
 q - a wand of flame (20)
Scrolls
 b - a scroll of blinking {unknown}
 e - a scroll of teleportation {unknown}
 f - a scroll of remove curse {unknown}
 h - 3 scrolls of identify {unknown}
 k - a scroll of enchant weapon {unknown}
 m - 2 scrolls of random uselessness {unknown}
 p - a scroll of fear {unknown}
Potions
 g - a potion of invisibility {unknown}
 j - 4 potions of curing {unknown}
 l - a potion of haste {unknown}
 n - a potion of might {unknown}
 o - a potion of degeneration {unknown}
Comestibles
 c - 8 rations


   Skills:
 + Level 4.8 Fighting
 + Level 5.5 Axes
 + Level 2.8 Armour
 + Level 2.9 Dodging
 + Level 1.5 Stealth


You had 6 spell levels left.
You didn't know any spells.
Your spell library was empty.

Dungeon Overview and Level Annotations

Branches:
Dungeon (3/15)

Altars:
Elyvilon
Sif Muna


Innate Abilities, Weirdness & Mutations

You are resistant to torment.
Your stone body is resilient. (AC +4)
You are immune to poison.
You resist negative energy. (rN+)
You are resistant to electric shocks. (rElec)
You can survive without breathing.
You are immune to petrification.
You are immune to rotting.


Message History

You closely miss the killer bee. x2; The killer bee stings you.
* * * LOW HITPOINT WARNING * * *
The killer bee stings you but does no damage. x2
The killer bee closely misses you.
The killer bee stings you but does no damage. x2
Unknown command.
You hit the killer bee.
You kill the killer bee!
Trog accepts your kill.
You miss the killer bee. The killer bee stings you.
* * * LOW HITPOINT WARNING * * *
The killer bee stings you but does no damage.
The killer bee stings you.
* * * LOW HITPOINT WARNING * * *
The killer bee misses you. The killer bee closely misses you.
The killer bee stings you but does no damage.
Things that are here:
a killer bee corpse x2
The killer bee stings you.
You die...

## #####. #..... #.....
###################.....
........................
#......#####...##.....
#.###.## #.....#.....
#@# ##...##.(...
###.###y# ##.########
....[..!# #.# ###.#####
#.# #. ##'## #.# ##...##
#.### ##.....## #.#.##
##.......## #
#....####.........####


You could see a killer bee.

Vanquished Creatures
  A bullfrog (D:3)
  5 killer bees (D:3)
  An orc priest (D:3)
  Jessica (D:3)
  5 adders
  A shadow imp (D:3)
  An ooze (D:3)
  2 worms (D:2)
  4 dart slugs
  6 leopard geckos
  4 orcs (D:3)
  6 bats
  4 giant cockroaches
  10 goblins
  9 hobgoblins
  8 kobolds
  A quokka (D:3)
  3 ball pythons
  5 frilled lizards
  7 rats
84 creatures vanquished.

Notes
Turn   | Place    | Note
-------+----------+-------------------------------------------
     0 | D:1      | Fang the Gargoyle Berserker began the quest for the Orb.
     0 | D:1      | Reached XP level 1. HP: 14/14 MP: 1/1
   109 | D:1      | Reached XP level 2. HP: 10/19 MP: 2/2
   349 | D:1      | Reached skill level 3 in Axes
   498 | D:1      | Reached XP level 3. HP: 20/24 MP: 3/3
   972 | D:1      | Reached ** piety under Trog
  1314 | D:2      | Reached XP level 4. HP: 14/29 MP: 4/4
  2047 | D:3      | Noticed Jessica
  2065 | D:3      | Killed Jessica
  2065 | D:3      | Reached skill level 4 in Axes
  2065 | D:3      | Reached XP level 5. HP: 20/33 MP: 5/5
  2264 | D:3      | HP: 1/49 [bullfrog (7)]
  2265 | D:3      | Reached skill level 1 in Stealth
  2815 | D:3      | Reached XP level 6. HP: 27/39 MP: 6/6
  3119 | D:3      | Found a deep blue altar of Sif Muna.
  3126 | D:3      | Found a white marble altar of Elyvilon.
  3268 | D:3      | Reached skill level 5 in Axes
  3278 | D:3      | Reached XP level 7. HP: 20/44 MP: 7/7
  3283 | D:3      | HP: 2/44 [killer bee (6)]
  3285 | D:3      | Slain by a killer bee

Skill      XL: |  1  2  3  4  5  6 |
---------------+-------------------+-----
Axes           | 3 4 5 |  5.5
Dodging        | 2 |  2.9
Fighting       | 4 |  4.8
Stealth        | 1 |  1.5
Armour         | |  2.8

Action                   |  1- 3 |  4- 6 |  7- 9 || total
-------------------------+-------+-------+-------++-------
Melee: Hand axe          |   130 |   173 |     5 ||   308
Invok: Berserk           |       |     3 |       ||     3
 Stab: Sleeping          |     1 |     2 |       ||     3
  Eat: Chunk             |     2 |     7 |       ||     9
Armor: Animal skin       |    79 |    51 |       ||   130
       Chain mail        |       |    26 |    10 ||    36
Dodge: Dodged            |   117 |   105 |     6 ||   228
